 Dungeon Crawl Stone Soup version 0.15.0-23-gc2b521c (webtiles) character file.

5505 Bloax the Covert (level 10, -1/53 HPs)
             Began as a Vine Stalker Chaos Knight on Sept 9, 2014.
             Was a Plaything of Xom.
             Slain by a wolf (5 damage)
             ... led by Grum
             ... on Level 11 of the Dungeon.
             The game lasted 00:21:30 (3246 turns).

Bloax the Covert (Vine Stalker Chaos Knight)        Turns: 3246, Time: 00:21:31

HP  -1/53        AC 12     Str 14      XL: 10   Next: 70%
MP   0/21        EV 10     Int 12      God: Xom
Gold 433         SH  0     Dex 18      Spells:  1 memorised, 17 levels left

rFire  . . .     SeeInvis .     B - +7 short sword (protect)
rCold  . . .     Clarity  .     u - +0 troll leather armour
rNeg   + . .     rCorr    .     (no shield)
rPois  .         rRot     +     (no helmet)
rElec  .         Spirit   +     w - +2 cloak
SustAb .         Warding  .     e - +0 pair of gloves
rMut   .         Stasis   .     (no boots)
Gourm  .                        (no amulet)
MR     +....                    i - ring of stealth
                                j - ring of positive energy

@: very slightly contaminated, hasted, very quick, somewhat resistant to hostile
enchantments, very stealthy
A: fangs 3, molten scales 1, deformed body, low mp 1, regeneration 2, magic
shield, antimagic bite, no device heal 3, rot immunity
a: Renounce Religion


You were on level 11 of the Dungeon.
You worshipped Xom.
You were a beloved toy of Xom.
You were full.

You visited 1 branch of the dungeon, and saw 11 of its levels.
You also visited: Ossuary.

You collected 481 gold pieces.
You spent 48 gold pieces at shops.


Innate Abilities, Weirdness & Mutations

You have razor-sharp teeth.
You heal very quickly.
When hurt, damage is shared between your health and your magic reserves.
Your bite disrupts and absorbs the magic of your enemies.
Potions and wands cannot restore your health.
You are immune to rotting.
You are partially covered in molten scales (AC +1).
Armour fits poorly on your strangely shaped body.
Your magical capacity is low (-10% MP).


   Skills:
 + Level 5.8 Fighting
 + Level 9.1 Short Blades
 - Level 1.5 Armour
 - Level 0.7 Dodging
 + Level 12.1 Stealth
 - Level 5.4 Spellcasting


You had 17 spell levels left.
You knew the following spells:

 Your Spells              Type           Power        Failure   Level  Hunger
a - Sublimation of Blood  Necr           #.........   34%         2    ##.....


Dungeon Overview and Level Annotations

Branches:
Dungeon (11/15)            Temple (0/1) D:4
    Orc: D:9-12        Lair: D:8-11

Altars:
Xom

Shops:
D:8 *

Annotations:
D:11 Grum

Inventory:

Hand weapons
 m - a +5 quick blade
   (You acquired it on level 9 of the Dungeon)
 B - a +7 short sword of protection (weapon)
   (You took it off Maurice on level 10 of the Dungeon)
 D - a +0 blowgun
   (You took it off a kobold on level 10 of the Dungeon)
Missiles
 A - 6 curare-tipped needles
Armour
 e - a +0 pair of gloves (worn)
   (You found it on level 4 of the Dungeon)
 u - a +0 troll leather armour (worn)
   (You found it on level 7 of the Dungeon)
 w - a +2 cloak (worn)
   (You found it on level 8 of the Dungeon)
Magical devices
 h - a wand of confusion (23)
   (You found it on level 8 of the Dungeon)
 k - a wand of slowing (10)
   (You took it off Jessica on level 3 of the Dungeon)
 v - a wand of cold (5) {unknown}
   (You found it on level 9 of the Dungeon)
Comestibles
 c - 4 bread rations
 g - a meat ration
 x - 9 royal jellies
Scrolls
 a - a scroll of vulnerability {unknown}
 n - 3 scrolls of remove curse
 p - 2 scrolls of teleportation
 y - 2 scrolls of recharging
Jewellery
 i - a ring of stealth (right hand)
   (You found it on level 5 of the Dungeon)
 j - a ring of positive energy (left hand)
   (You found it on level 3 of the Dungeon)
 z - an uncursed ring of ice
   (You found it on level 9 of the Dungeon)
Potions
 b - 2 potions of agility {unknown}
 f - a potion of beneficial mutation
 l - 4 potions of curing
 q - a potion of haste
 r - 3 potions of cancellation
 s - a potion of restore abilities
 t - a potion of flight
 C - a potion of might
Books
 o - a book of Annihilations {highlevel, unknown}
   (You found it on level 7 of the Dungeon)

   This book is beyond your current level of understanding.

   Spells                             Type                      Level
   Poison Arrow                       Conjuration/Poison           6
   Chain Lightning                    Conjuration/Air              8
   Lehudib's Crystal Spear            Conjuration/Earth            8
   Glaciate                           Conjuration/Ice              9
   Fire Storm                         Conjuration/Fire             9
Rods
 d - a -1 rod of shadows (10/10) {!a}
   (You found it on level 7 of the Dungeon)

. .... .....
...... .....
.... #.. #.##
##@# ##h.#
###hg##
####.ah.#
##....g..##
#......?..#
##..<......#
#..........#
#..........$...#


You could see Grum, 3 wolves, a worker ant and a hobgoblin.


Message History

There is a stone staircase leading down here.
You climb downwards. 3 wolves, a worker ant, a hobgoblin and Grum come into view.
Found three items.
There is a stone staircase leading up here.
Unknown command.
You feel sick.
You are no longer poisoned.
Grum drinks a potion.
Grum seems to grow stronger.
You hit Grum. You bite Grum. You drain his power.
Grum is moderately wounded.
The wolf barks!
The hobgoblin shouts!
The wolf closely misses you. The wolf bites you but does no damage.
Unknown command.
You hit Grum but do no damage. You bite Grum. You drain his power.
Grum is heavily wounded.
The wolf bites you. Grum closely misses you. The wolf misses you.
You completely miss Grum. You bite Grum. You drain his power.
Grum is heavily wounded.
The wolf bites you but does no damage. The wolf closely misses you.
The wolf bites you but does no damage. The wolf barely misses you.
Unknown command.
You hit Grum but do no damage.
Grum is heavily wounded.
The wolf bites you but does no damage. Grum hits you but does no damage.
The wolf bites you but does no damage. x3
Unknown command.
You hit Grum. You bite Grum. You drain his power.
Grum is severely wounded.
The wolf bites you. The wolf bites you but does no damage. The wolf bites you.
Grum hits you with a spear!!
Unknown command.
You barely miss Grum.
Grum is severely wounded.
The wolf bites you!
* * * LOW HITPOINT WARNING * * *
The wolf bites you.
* * * LOW HITPOINT WARNING * * *
The wolf bites you but does no damage.
The hobgoblin hits you but does no damage.
The wolf closely misses you. Grum hits you from afar with a spear!
* * * LOW HITPOINT WARNING * * *
Unknown command.
The hobgoblin barely misses you. The wolf bites you but does no damage.
The wolf barely misses you. The wolf bites you.
* * * LOW HITPOINT WARNING * * *
The wolf misses you. The wolf closely misses you. The wolf barely misses you.
Unknown command.
Read which item? (? for menu, Esc to quit)
Okay, then.
Drink which item? (? for menu, Esc to quit)
You feel yourself speed up. The wolf misses you. The wolf bites you.
* * * LOW HITPOINT WARNING * * *
Grum closely misses you. The wolf barely misses you.
You are very lightly contaminated with residual magic.
Unknown command.
Unknown command.
The wolf bites you.
* * * LOW HITPOINT WARNING * * *
The hobgoblin hits you but does no damage.
Grum hits you from afar with a spear!
* * * LOW HITPOINT WARNING * * *
The wolf bites you.
* * * LOW HITPOINT WARNING * * *
Unknown command.
The wolf bites you.
You die...
Xom cackles wildly!

Action                   |  1- 3 |  4- 6 |  7- 9 | 10-12 || total
-------------------------+-------+-------+-------+-------++-------
Melee: Short sword       |    66 |   102 |   268 |    32 ||   468
       Quick blade       |       |       |    72 |    83 ||   155
Throw: Throwing net      |       |       |     3 |       ||     3
Evoke: Wand              |       |     1 |     1 |       ||     2
  Use: Scroll            |       |     6 |    19 |     1 ||    26
       Potion            |       |     1 |     3 |     1 ||     5
 Stab: Confused          |     1 |       |     1 |     1 ||     3
       Sleeping          |       |     5 |    25 |     8 ||    38
       Paralysed         |       |     2 |     2 |     1 ||     5
       Held in net/web   |       |       |     2 |       ||     2
       Petrifying        |       |       |     1 |       ||     1
  Eat: Meat ration       |       |     1 |       |       ||     1
       Royal jelly       |       |       |     3 |       ||     3
       Beef jerky        |       |       |     1 |       ||     1
       Pizza             |       |       |       |     1 ||     1

Vault maps used:
D:1:      zelgadis_glass_arrival_small, serial_bayou_lagoon_a
D:3:      grunt_decor_arrowhead, nrook_mini_vaults, uniq_jessica, uniq_terence
D:4:      temple_hall
D:5:      nicolae_ossuary_entry_ruins, first_bread, roderic_curled_sauvastika,
          led_sif_pool, uniq_grinder
D:6:      lemuel_crystal_altar
D:8:      nicolae_whirlpool, lair_0_dummy, serial_shops, shop_fountains,
          basic_altar, hangedman_little_slice_of_home,
          minmay_misc_feat_ornament, eino_tiny_chamber, patterned_corridor
D:9:      minmay_imperfect_grid, serial_shops, shop, spider_trap
D:10:     uniq_maurice
D:11:     serial_shops, nicolae_shop_competitors_out_of_business, shop,
          uniq_grum
Ossuary:  ossuary_minmay_tomb_2a

Notes
Turn   | Place    | Note
--------------------------------------------------------------
     0 | D:1      | Bloax, the Vine Stalker Chaos Knight, began the quest for the Orb.
     0 | D:1      | Reached XP level 1. HP: 11/11 MP: 1/1
    50 | D:2      | XOM: stealth player
    72 | D:2      | Reached skill level 1 in Stealth
    72 | D:2      | Reached XP level 2. HP: 14/16 MP: 3/3
   115 | D:2      | Reached skill level 3 in Short Blades
   115 | D:2      | Reached skill level 1 in Spellcasting
   115 | D:2      | HP: 4/16 [poisoned by an adder]
   121 | D:2      | HP: 4/16 [poisoned by an adder]
   129 | D:2      | HP: 4/16 [poisoned by an adder]
   151 | D:2      | XOM: harmless Chrm miscast
   187 | D:2      | XOM: vitrification
   208 | D:2      | Reached skill level 2 in Stealth
   208 | D:2      | Reached XP level 3. HP: 7/19 MP: 1/5
   298 | D:3      | Noticed Jessica
   304 | D:3      | XOM: noise
   330 | D:3      | XOM: confusion
   360 | D:3      | XOM: potion effect (magic)
   363 | D:3      | Killed Jessica
   363 | D:3      | Reached XP level 4. HP: 13/23 MP: 7/7
   378 | D:3      | Reached skill level 2 in Spellcasting
   419 | D:3      | XOM: harmless Summ miscast
   493 | D:4      | XOM: blink monster(s)
   508 | D:4      | Reached skill level 3 in Stealth
   518 | D:4      | Reached XP level 5. HP: 18/27 MP: 11/11
   629 | D:4      | XOM: enchant monster (good)
   649 | D:4      | Found a staircase to the Ecumenical Temple.
   686 | D:4      | HP: 4/27 [iguana (4)]
   693 | D:4      | HP: 5/27 [iguana (1)]
   699 | D:4      | Reached skill level 4 in Stealth
   702 | D:4      | Reached skill level 4 in Short Blades
   702 | D:4      | Reached skill level 3 in Spellcasting
   702 | D:4      | Gained mutation: You heal very quickly. [vine stalker growth]
   702 | D:4      | Reached XP level 6. HP: 8/32 MP: 6/14
   703 | D:4      | well ok
   762 | D:4      | XOM: cast spell 'Metabolic Englaciation'
   828 | D:5      | Entered Level 5 of the Dungeon
   835 | D:5      | XOM: mild Ice miscast
   841 | D:5      | hahahaha how funny
   956 | D:5      | Reached skill level 5 in Stealth
  1041 | D:5      | Found a sand-covered staircase.
  1060 | D:5      | Reached XP level 7. HP: 20/35 MP: 11/17
  1080 | Ossuary  | Entered an ossuary
  1113 | Ossuary  | XOM: potion effect (might)
  1121 | Ossuary  | Reached skill level 4 in Spellcasting
  1127 | Ossuary  | XOM: summons friendly ufetubus
  1131 | Ossuary  | XOM: confuse monster(s)
  1132 | Ossuary  | Reached skill level 5 in Short Blades
  1138 | Ossuary  | Reached skill level 6 in Stealth
  1356 | D:5      | XOM: polymorph ufetubus -> white imp
  1374 | D:6      | Gained mutation: You have razor-sharp teeth. [vine stalker growth]
  1374 | D:6      | Reached XP level 8. HP: 27/39 MP: 13/21
  1493 | D:6      | Reached skill level 5 in Spellcasting
  1525 | D:6      | Reached skill level 7 in Stealth
  1567 | D:6      | Gained mutation: You are partially covered in molten scales (AC +1). [potion of mutation]
  1567 | D:6      | Gained mutation: Your magical capacity is low (-10% MP). [potion of mutation]
  1567 | D:6      | Gained mutation: Armour fits poorly on your strangely shaped body. [potion of mutation]
  1765 | D:7      | XOM: harmless Tloc miscast
  1846 | D:7      | XOM: harmless Hex miscast
  1861 | D:7      | Reached skill level 6 in Short Blades
  1902 | D:7      | Noticed a troll
  1908 | D:7      | XOM: mild Ice miscast
  1917 | D:7      | Reached skill level 8 in Stealth
  1918 | D:7      | XOM: mild Summ miscast
  1923 | D:7      | XOM: harmless Conj miscast
  1967 | D:7      | Killed a troll
  2003 | D:7      | Reached XP level 9. HP: 34/43 MP: 13/20
  2064 | D:7      | Identified a -1 rod of shadows (10/10) (You found it on level 7 of the Dungeon)
  2143 | D:8      | Found Frogout's General Store.
  2155 | D:8      | Bought a scroll of teleportation for 48 gold pieces
  2186 | D:8      | Reached skill level 9 in Stealth
  2260 | D:8      | Learned a level 2 spell: Sublimation of Blood
  2265 | D:8      | XOM: mild Trmt miscast
  2272 | D:8      | Reached skill level 7 in Short Blades
  2306 | D:8      | XOM: vitrification
  2380 | D:8      | Found a shimmering altar of Xom.
  2490 | D:9      | Identified a scroll of acquirement
  2549 | D:9      | Reached skill level 3 in Fighting
  2549 | D:9      | Reached skill level 10 in Stealth
  2605 | D:9      | XOM: enchant monster (good)
  2651 | D:9      | XOM: noise
  2655 | D:9      | Reached skill level 4 in Fighting
  2655 | D:9      | Reached skill level 8 in Short Blades
  2718 | D:9      | Noticed a cyclops
  2725 | D:9      | Reached XP level 10. HP: 49/51 MP: 17/21
  2728 | D:9      | Killed a cyclops
  2728 | D:9      | Reached skill level 11 in Stealth
  2729 | D:9      | Got a bloodstained quarterstaff
  2736 | D:9      | Identified the +10 quarterstaff of Unreason {crush, Dex+2} (You found it on level 9 of the Dungeon)
  2737 | D:9      | dang
  2908 | D:10     | Entered Level 10 of the Dungeon
  2966 | D:10     | Noticed Maurice
  2978 | D:10     | Reached skill level 5 in Fighting
  2978 | D:10     | XOM: divination: detect items
  3065 | D:10     | Killed Maurice
  3125 | D:10     | Reached skill level 9 in Short Blades
  3125 | D:10     | Reached skill level 12 in Stealth
  3141 | D:10     | XOM: swap monsters
  3185 | D:10     | XOM: enchant monster (good)
  3230 | D:11     | Noticed Grum
  3243 | D:11     | HP: 13/53 [wolf[Grum] (2)]
  3243 | D:11     | HP: 3/53 [Grum/spear (10)]
  3246 | D:11     | Slain by a wolf

Vanquished Creatures
  A cyclops (D:9)
  Maurice (D:10)
  2 trolls
  6 yaks (D:10)
  A deep elf mage (D:9)
  A hippogriff (D:10)
  A sky beast (D:9)
  3 orc warriors
  4 phantoms
  2 necrophages
  5 ogres
  2 centaurs
  3 elf zombies (Ossuary)
  A big kobold (D:10)
  A giant frog (D:9)
  3 killer bees (D:9)
  4 jellies
  A goliath beetle (D:6)
  3 hounds
  A human zombie (Ossuary)
  8 orc wizards
  A centaur skeleton (D:9)
  3 orc priests
  2 iguanas
  2 worker ants
  An ogre zombie (D:7)
  Jessica (D:3)
  A sky beast zombie (D:7)
  A crocodile skeleton (D:9)
  A hound skeleton (D:8)
  3 mummies (Ossuary)
  3 hound zombies
  13 gnolls
  2 orc zombies (D:6)
  8 adders
  A shadow imp (D:9)
  2 giant mites
  A worm (D:2)
  2 adder zombies
  A giant gecko (D:3)
  5 oozes (D:8)
  16 orcs
  5 bats
  A giant cockroach (D:3)
  4 goblins
  4 hobgoblins
  A quokka (D:5)
  A giant newt (D:5)
  A gnoll zombie (Ossuary)
  A goblin zombie (Ossuary)
  9 jackals
  10 kobolds
  2 kobold zombies (Ossuary)
  8 rats
  A rat zombie (Ossuary)
  8 ballistomycetes (D:6)
180 creatures vanquished.

Vanquished Creatures (collateral kills)
  A sky beast (D:7)
  An ogre (D:5)
  A worker ant (D:6)
  A mummy (Ossuary)
  A rat (D:6)
5 creatures vanquished.

Vanquished Creatures (others)
  A centaur (D:6)
  A worker ant (D:6)
  2 giant spores (D:6)
  A rat (D:5)
  A rat zombie (Ossuary)
6 creatures vanquished.

Grand Total: 191 creatures vanquished
